 Dungeon Crawl Stone Soup version 0.17.1-3-g152610e (webtiles) character file.

34 Gargoyl the Skirmisher (level 3, 0/29 HPs)
             Began as a Demonspawn Abyssal Knight on Mar 23, 2016.
             Was a Follower of Lugonu.
             Slain by an adder (1 damage)
             ... on level 2 of the Dungeon.
             The game lasted 00:01:51 (1311 turns).

Gargoyl the Skirmisher (Demonspawn Abyssal Knight)  Turns: 1311, Time: 00:01:51

Health: 0/29       AC:  4    Str: 13    XL:     3   Next: 14%
Magic:  5/5        EV: 13    Int: 13    God:    Lugonu [*.....]
Gold:   30         SH:  7    Dex: 17    Spells: 0 memorised, 2 levels left

rFire  . . .     SeeInvis .     a - +1 hand axe
rCold  . . .     Clarity  .     b - +0 leather armour
rNeg   . . .     SustAt   .     d - +0 shield
rPois  .         Gourm    .     (helmet restricted)
rElec  .         Spirit   .     (no cloak)
rCorr  .         Warding  .     (no gloves)
rMut   .         Stasis   .     (no boots)
MR     .....                    (no amulet)
Stlth  ++........               (no ring)
                                (no ring)

@: agile, lethally poisoned (0 -> -11), not resistant to hostile enchantments,
unstealthy
A: antennae 1, rugged brown scales 1
a: Depart the Abyss, Renounce Religion


You were on level 2 of the Dungeon.
You worshipped Lugonu.
Lugonu was aware of your devotion.
You were hungry.

You visited 1 branch of the dungeon, and saw 2 of its levels.
You visited the Abyss 1 time.

You collected 30 gold pieces.

Inventory:

Hand Weapons
 a - a +1 hand axe (weapon)
Armour
 b - a +0 leather armour (worn)
 d - a +0 shield (worn)
Jewellery
 f - an uncursed amulet of stasis {unknown}
 i - an uncursed amulet of resist corrosion {unknown}
Scrolls
 e - 3 scrolls of identify {unknown}
 g - a scroll of enchant armour {unknown}
 h - a scroll of random uselessness {unknown}
Potions
 j - a potion of curing {unknown}
Comestibles
 c - a bread ration
 k - a slice of pizza


   Skills:
 + Level 3.5 Fighting
 + Level 2.0 Axes
 + Level 1.9 Armour
 + Level 1.2 Dodging
 + Level 0.2 Stealth
 + Level 0.3 Shields
 + Level 3.0 Invocations


You had 2 spell levels left.
You didn't know any spells.

Dungeon Overview and Level Annotations

Branches:
Dungeon (2/15)

Altars:


Innate Abilities, Weirdness & Mutations

You have a pair of small antennae on your head.
You are partially covered in rugged brown scales (AC +1, +3% HP).


Message History

The adder bites you.
* * * LOW HITPOINT WARNING * * *
The jackal completely misses you. You block the jackal's attack.
You barely miss the adder.
The adder is severely wounded.
You hit the jackal.
You kill the jackal!
Lugonu accepts your kill.
You hit the jackal.
The jackal is severely wounded.
You barely miss the jackal.
The jackal is almost dead.
* * * LOW HITPOINT WARNING * * *
You feel sick. You block the bat's attack. The adder bites you.
* * * LOW HITPOINT WARNING * * *
You are more poisoned.
The adder poisons you! You block the jackal's attack.
You block the jackal's attack. The jackal barely misses you.
The adder bites you.
You die...

.. .. . .... #>
....#+##### #....##
.........#. #....#.
........h#.## #....#.
.......hh+..# #....#.
.......b@##.# #....#.
#+##...S.##.#######....#.
.......................#.
.....######.#####..†...'.
.... #.# #....#...#. ...
#.# #....#...#. . #.#
#....#...#. #.#
#....#####. #.# #....# #.


You could see an adder, 3 jackals and a bat.

Vanquished Creatures
  An adder (D:2)
  2 giant geckos (D:1)
  4 bats
  2 giant cockroaches
  3 hobgoblins (D:1)
  A jackal (D:2)
  A giant newt (D:1)
  3 goblins (D:1)
  3 kobolds (D:1)
  2 rats (D:1)
22 creatures vanquished.

Notes
Turn   | Place    | Note
--------------------------------------------------------------
     0 | Abyss:1  | Gargoyl the Demonspawn Abyssal Knight began the quest for the Orb.
     0 | Abyss:1  | Reached XP level 1. HP: 18/18 MP: 2/2
    72 | D:1      | Escaped the Abyss
   624 | D:1      | Reached skill level 1 in Dodging
   624 | D:1      | Gained mutation: You have a pair of small antennae on your head. [demonic ancestry]
   624 | D:1      | Reached XP level 2. HP: 24/24 MP: 4/4
   765 | D:1      | Reached * piety under Lugonu
  1179 | D:1      | You fall through a shaft!
  1199 | D:2      | Gained mutation: You are partially covered in rugged brown scales (AC +1, +3% HP). [demonic ancestry]
  1199 | D:2      | Reached XP level 3. HP: 24/29 MP: 5/5
  1311 | D:2      | HP: 1/29 [adder (3)]
  1311 | D:2      | Slain by an adder

Action                   || total
-------------------------++-------
Melee: Hand axe          ||    75
Invok: Depart the Abyss  ||     1
  Use: Potion            ||     1
 Stab: Sleeping          ||     1
  Eat: Chunk             ||     1
